 Dungeon Crawl Stone Soup version 0.21.0 (webtiles) character file.

171 mopl the Cudgeler (level 5, 0/30 HPs)
             Began as a Gargoyle Skald on Jan 7, 2018.
             Killed by divine providence
             ... invoked by an orc priest
              (15 damage)
             ... on level 3 of the Dungeon.
             The game lasted 00:03:11 (2592 turns).

mopl the Cudgeler (Gargoyle Skald)                  Turns: 2592, Time: 00:03:12

Health: 0/30       AC: 16    Str: 15    XL:     5   Next: 51%
Magic:  8/8        EV:  6    Int: 13    God:
Gold:   95         SH:  0    Dex: 10    Spells: 3/8 levels left

rFire    + . .     SeeInvis .   a - +0 mace
rCold    . . .     Gourm    .   (no shield)
rNeg     + . .     Faith    .   m - +4 chain mail
rPois    ∞         Spirit   .   (no helmet)
rElec    +         Reflect  .   (no cloak)
rCorr    .         Harm     .   (no gloves)
MR       .....     Rnd*Tele +   (no boots)
Stlth    ..........             (no amulet)
HPRegen  0.10/turn              f - ring of protection from fire
MPRegen  0.11/turn              i - ring of teleportation (curse)

@: no status effects
A: negative energy resistance 1, electricity resistance, unbreathing,
petrification resistance, rot immunity, AC +4
a: no special abilities


You were on level 3 of the Dungeon.
You were not hungry.

You visited 1 branch of the dungeon, and saw 3 of its levels.

You collected 95 gold pieces.

Inventory:

Hand Weapons
 a - a +0 mace (weapon)
Armour
 m - a +4 chain mail (worn)
 n - a +0 shield
Jewellery
 f - a ring of protection from fire (left hand)
 i - a cursed ring of teleportation (right hand)
Scrolls
 e - a scroll of enchant armour {unknown}
 g - a scroll of remove curse {unknown}
 l - 2 scrolls of identify {unknown}
 o - a scroll of random uselessness {unknown}
Potions
 h - 3 potions of curing {unknown}
 j - a potion of brilliance {unknown}
 k - a potion of agility {unknown}
 q - a potion of degeneration {unknown}
Books
 b - a book of Maledictions

   Spells                             Type                      Level
   a - Corona                         Hexes                        1
   b - Ensorcelled Hibernation        Hexes/Ice                    2
   c - Confuse                        Hexes                        3
   d - Tukima's Dance                 Hexes                        3
   e - Dazzling Spray                 Conjuration/Hexes            3
 c - a book of Battle

   Spells                             Type                      Level
   a - Infusion                       Charms                       1
   b - Shroud of Golubria             Charms/Translocation         2
   c - Song of Slaying                Charms                       2
   d - Spectral Weapon                Hexes/Charms                 3
   e - Regeneration                   Charms/Necromancy            3
Comestibles
 d - 5 rations


   Skills:
 - Level 2.1 Fighting
 * Level 5.5 Maces & Flails
 - Level 1.1 Armour
 - Level 1.5 Dodging
 - Level 2.0 Spellcasting
 - Level 2.6 Charms


You had 3 spell levels left.
You knew the following spells:

 Your Spells              Type           Power        Failure   Level  Hunger
a - Infusion              Chrm           #...         89%         1    ##.....
b - Song of Slaying       Chrm           #.......     96%         2    ###....
f - Shroud of Golubria    Chrm/Tloc      #.........   99%         2    ###....


Dungeon Overview and Level Annotations

Branches:
Dungeon (3/15)

Altars:
Fedhas
Nemelex Xobeh


Innate Abilities, Weirdness & Mutations

You are resistant to torment.
Your stone body is resilient. (AC +4)
You are immune to poison.
You resist negative energy. (rN+)
You are resistant to electric shocks. (rElec)
You can survive without breathing.
You are immune to petrification.
You are immune to rotting.


Message History

The orc hits you but does no damage.
You hit the orc.
You kill the orc!
You hear some strange, mumbled words.
Something tries to affect you, but you resist.
The orc priest invokes the aid of Beogh against you.
Beogh smites you!
Ouch! That really hurt!
Found a whip.
The orc priest mumbles some strange prayers to Beogh against you.
Pain shoots through your body!
Found a ring mail.
The orc priest looks encouraged for a moment.
The orc wizard mumbles some strange words.
The orc wizard flickers and vanishes!
You see here a ring mail.
The orc priest calls down the wrath of Beogh upon you.
Beogh smites you!
Ouch! That really hurt!
You die...

#......##..# #.#
#.#.###. #......###[#
#.# #.......
##⌠.⌠...###o###.#
###.....
#.._.........##.#
#.....
#.⌠†⌠...###..##.#
#####.
#............##.######
##
##.###o#####.........#
#### #.#
#...............# #...
#......#
######@.........# #.##
#.###### #.....)....#
#.#. #..........# #.#.
#..........# #.#.
#....>.....# #.##
##.........# #...
########### ###. #. #.


You could see an orc priest.

Vanquished Creatures
  A hound (D:2)
  A jelly (D:2)
  A gnoll (D:1)
  An adder (D:3)
  2 oozes (D:1)
  A worm (D:2)
  4 dart slugs
  5 leopard geckos
  An orc (D:3)
  3 giant cockroaches
  4 goblins
  12 hobgoblins
  4 jackals (D:3)
  A quokka (D:3)
  4 bats
  5 frilled lizards
  9 kobolds
  10 rats
69 creatures vanquished.

Notes
Turn   | Place    | Note
-------+----------+-------------------------------------------
     0 | D:1      | mopl the Gargoyle Skald began the quest for the Orb.
     0 | D:1      | Reached XP level 1. HP: 12/12 MP: 3/3
    98 | D:1      | Reached XP level 2. HP: 11/17 MP: 5/5
   187 | D:1      | Reached skill level 3 in Maces & Flails
   229 | D:1      | Reached XP level 3. HP: 11/21 MP: 6/6
   809 | D:1      | Reached skill level 4 in Maces & Flails
  1293 | D:2      | Reached XP level 4. HP: 14/26 MP: 7/7
  1312 | D:2      | Learned a level 2 spell: Song of Slaying
  1315 | D:2      | Learned a level 2 spell: Shroud of Golubria
  1681 | D:2      | Found a blossoming altar of Fedhas.
  2006 | D:2      | Reached skill level 5 in Maces & Flails
  2006 | D:2      | Reached XP level 5. HP: 24/30 MP: 4/8
  2440 | D:3      | Found a sparkling altar of Nemelex Xobeh.
  2592 | D:3      | Killed from afar by an orc priest

Skill      XL: |  1  2  3  4 |
---------------+-------------+-----
Maces & Flails | 3 4 5 |  5.5
Fighting       | |  2.1
Armour         | |  1.1
Dodging        | |  1.5
Spellcasting   | |  2.0
Charms         | |  2.6

Action                   |  1- 3 |  4- 6 || total
-------------------------+-------+-------++-------
Melee: Mace              |   122 |   135 ||   257
 Cast: Infusion          |       |     2 ||     2
  Eat: Chunk             |     1 |     5 ||     6
Armor: Leather armour    |    54 |    64 ||   118
       Chain mail        |       |    20 ||    20
Dodge: Dodged            |    70 |    96 ||   166
